AoeStats
← agamemnon_of_mycenae

Arabia

509977723Analyzed
1v1 RM · 3d ago on Sep 28, 2026· 50m 49s· 2 players
Game mode
Random Map
Map size
Tiny (2 player)
Population
200
Speed
Normal
Resources
Standard
Victory
Conquest
Starting age
Dark Age
Ending age
Imperial Age
RankedLock teamsTeams togetherTeam positionsShared explorationLock speedFull tech treeHidden civsTurbo modeCheats
Victory
Defeat
🇦🇷 Persians · Argentina
941
+16
🇺🇸 Magyars · United States
945
-16
ARES
11:03 Feudal Age
15:27 Castle Age
14:28 Gold Mining
15:06 Scale Barding Armor
17:41 Loom
18:13 Bloodlines
18:49 Double-Bit Axe
19:56 Husbandry
20:58 Forging
22:28 Chain Barding Armor
23:05 Bow Saw
22:44 Horse Collar
24:42 Iron Casting
28:31 Wheelbarrow
31:38 Hand Cart
31:35 Town Watch
32:57 Town Patrol
33:59 Gold Shaft Mining
36:25 Imperial Age
40:56 Plate Barding Armor
41:22 Blast Furnace
43:57 Cavalier
47:37 Chemistry
47:52 Fletching
48:42 Bodkin Arrow
agamemnon_of_mycenae
7:29 Loom
10:34 Feudal Age
11:52 Wheelbarrow
11:04 Double-Bit Axe
10:48 Man-at-Arms
12:09 Horse Collar
19:59 Castle Age
18:37 Scale Barding Armor
18:50 Bloodlines
19:38 Gold Mining
21:10 Bow Saw
21:04 Heavy Plow
24:25 Fletching
24:57 Chain Barding Armor
28:13 Hand Cart
29:03 Ballistics
31:12 Gold Shaft Mining
30:29 Stone Mining
31:15 Gold Shaft Mining
35:45 Imperial Age
33:29 Husbandry
34:20 Bodkin Arrow
36:25 Town Watch
37:53 Chemistry
36:59 Siege Engineers
37:40 Plate Barding Armor
37:07 Bracer
38:10 Conscription
37:54 Corvinian Army
37:18 Elite Magyar Huszar
39:15 Elite Magyar Huszar
40:19 Heavy Cavalry Archer
41:30 Parthian Tactics
41:11 Thumb Ring
41:09 Padded Archer Armor
Connection lost

Rejoining the realm…

Still unreachable

The connection could not be restored.

Session expired

The server has moved on; the page needs a fresh start.